 Dungeon Crawl Stone Soup version 0.23.2-40-g277498a001 (webtiles) character file.

Game seed: 13116185833354152819

1436 Fanfaron the Insei (level 8, -6/51 HPs)
             Began as an Octopode Transmuter on Sept 30, 2019.
             Mangled by an ice beast (7 damage)
             ... on level 6 of the Dungeon.
             The game lasted 00:28:12 (8409 turns).

Fanfaron the Insei (Octopode Transmuter)            Turns: 8409, Time: 00:28:12

Health: -6/51      AC:  1    Str: 10    XL:     8   Next: 73%
Magic:  11/12      EV: 15    Int: 12    God:
Gold:   392        SH:  0    Dex: 14    Spells: 3/13 levels left

rFire    . . .     SeeInvis .     - Unarmed
rCold    . . .     Gourm    .   (no shield)
rNeg     + . .     Faith    .   (helmet restricted)
rPois    .         Spirit   .   x - amulet of the acrobat
rElec    .         Reflect  .   i - ring of wizardry
rCorr    .         Harm     .   y - -3 ring of intelligence (curse)
MR       .....                  C - ring of positive energy
Stlth    ++++......             (no ring)
HPRegen  0.17/turn              (no ring)
MPRegen  0.13/turn              (no ring)
                                (no ring)
                                (no ring)

@: starving
A: almost no armour, stealthy swim, amphibious, 8 rings, constrict 8, camouflage
1, gelatinous body 1
a: no special abilities


You were on level 6 of the Dungeon.
You were starving.

You visited 1 branch of the dungeon, and saw 7 of its levels.

You collected 392 gold pieces.

Inventory:

Missiles
 a - 183 arrows
Jewellery
 i - a ring of wizardry (left tentacle)
 x - an amulet of the acrobat (around mantle)
 y - a cursed -3 ring of intelligence (right tentacle)
 C - a ring of positive energy (on tentacle)
Wands
 o - a wand of acid (3)
 B - a wand of iceblast (11)
Scrolls
 d - 2 scrolls of enchant weapon {unknown}
 f - 3 scrolls of enchant armour
 g - 6 scrolls of teleportation
 l - 2 scrolls of fear
 n - 2 scrolls of random uselessness {unknown}
 p - a scroll of amnesia
 q - 2 scrolls of remove curse
 r - a scroll of immolation {unknown}
 u - 2 scrolls of magic mapping {unknown}
Potions
 b - 2 potions of lignification
 e - a potion of berserk rage
 h - 4 potions of might
 j - a potion of cancellation {unknown}
 k - 3 potions of invisibility
 m - 2 potions of curing
 s - a potion of brilliance
 t - a potion of flight {unknown}
 v - a potion of heal wounds {unknown}
 w - 2 potions of agility
 z - a potion of ambrosia {unknown}
 A - a potion of resistance
Comestibles
 c - 12 rations


   Skills:
 + Level 2.6 Fighting
 + Level 4.3 Dodging
 + Level 5.1 Stealth
 * Level 6.4 Unarmed Combat
 + Level 3.2 Spellcasting
 + Level 4.5 Transmutations
 + Level 2.4 Ice Magic
 - Level 3.0 Poison Magic


You had 3 spell levels left.
You knew the following spells:

 Your Spells              Type           Power        Failure   Level  Hunger
a - Beastly Appendage     Tmut           ##....       1%          1    #......
b - Sticks to Snakes      Tmut           ##......     2%          2    ###....
c - Spider Form           Tmut/Pois      ##........   6%          3    ###....
d - Ice Form              Ice/Tmut       ##......     22%         4    #####..

Your spell library contained the following spells:

 Spells                   Type           Power        Failure   Level  Hunger
 Animate Skeleton         Necr           N/A          10%         1    #......
 Apportation              Tloc           #.....       10%         1    #......
 Confusing Touch          Hex            #.....       10%         1    #......
 Magic Dart               Conj           #...         10%         1    #......
 Summon Small Mammal      Summ           #...         10%         1    #......
 Blink                    Tloc           N/A          16%         2    ###....
 Call Imp                 Summ           #.......     16%         2    ###....
 Slow                     Hex            #.......     16%         2    ###....
 Mephitic Cloud           Conj/Pois/Air  #.......     19%         3    ###....
 Conjure Flame            Conj/Fire      #.......     28%         3    ###....
 Blade Hands              Tmut           ##........   38%         5    ######.


Dungeon Overview and Level Annotations

Branches:
Dungeon (7/15)
 Temple: D:4-7

Altars:
Cheibriados
Elyvilon
Gozag
Makhleb
Trog
The Shining One


Innate Abilities, Weirdness & Mutations

You cannot wear most types of armour.
You are very stealthy in the water. (Stealth+)
You are amphibious.
You can wear up to eight rings at the same time.
You can use your tentacles to constrict eight enemies at once.
Your skin changes colour to match your surroundings (Stealth+).
Your rubbery body absorbs attacks. (AC +1, EV +1)


Message History

The ice beast misses you.
You hit the ice beast.
The ice beast is poisoned.
The ice beast is moderately wounded.
The ice beast hits you but does no damage.
You bite the ice beast!
The ice beast is heavily wounded.
The ice beast closely misses you.
You hit the ice beast but do no damage.
The ice beast looks as sick as possible!
The ice beast is heavily wounded.
You hit the ice beast but do no damage.
The ice beast is severely wounded.
Your transformation has ended.
The ice beast closely misses you.
You barely miss the ice beast. Your squeeze misses the ice beast.
The ice beast is severely wounded.
The ice beast hits you.
* * * LOW HITPOINT WARNING * * *
The ice beast freezes you!
You die...

#.......# ##...#....###.....
###.####### #...#.......#####
#......# #####....##.#
#.#.##.########..........#
###.#.##.##....<...........##
#........##.................####
#.#..##..##.......##..........).
#.#..##..##...........###.......
#.#......##....@..##..# #.......
#.##.##.###...Y...###.###...####
#.......# #.......# #.......# #.
####.#### ######### ##......# #.
#.# ##### ##.##### #. #.###...#
########.# ## #.....#.#
#........# #. #####...#
#.######## #. ##.######.# #####.


You could see an ice beast.

Vanquished Creatures
  An ice beast (D:5)
  A sky beast (D:6)
  A phantom (D:4)
  3 ogres
  2 centaurs (D:5)
  5 scorpions
  2 howler monkeys
  An iron imp (D:5)
  A bullfrog skeleton (D:5)
  A centaur skeleton (D:4)
  An iguana (D:6)
  7 worker ants
  4 gnolls (D:4)
  4 adders
  A shadow imp (D:5)
  A white imp (D:5)
  2 oozes
  2 adder skeletons (D:4)
  2 worms
  3 dart slugs
  3 leopard geckos
  9 orcs
  A ball python (D:2)
  6 bats
  3 giant cockroaches
  3 goblins
  7 hobgoblins
  5 jackals
  2 quokkas
  5 frilled lizards
  3 hobgoblin zombies (D:5)
  5 kobolds
  2 kobold skeletons (D:5)
  An orc skeleton (D:5)
  A quokka skeleton (D:4)
  7 rats
108 creatures vanquished.

Vanquished Creatures (others)
  A quokka (D:5)
1 creature vanquished.

Grand Total: 109 creatures vanquished

Notes
Turn   | Place    | Note
-------+----------+-------------------------------------------
     0 | D:1      | Fanfaron the Octopode Transmuter began the quest for the
                  | Orb.
     0 | D:1      | Reached XP level 1. HP: 13/13 MP: 3/3
   398 | D:1      | Reached XP level 2. HP: 18/18 MP: 3/5
  1280 | D:2      | Learned a level 2 spell: Sticks to Snakes
  1295 | D:2      | Reached skill level 1 in Stealth
  1496 | D:2      | Reached XP level 3. HP: 17/23 MP: 4/6
  1759 | D:2      | Learned a level 3 spell: Spider Form
  2675 | D:3      | Reached XP level 4. HP: 28/28 MP: 7/7
  3097 | D:3      | Noticed an ogre
  3288 | D:3      | Reached skill level 4 in Unarmed Combat
  4051 | D:4      | Reached skill level 1 in Poison Magic
  4089 | D:4      | Noticed an ogre
  4207 | D:4      | Reached XP level 5. HP: 24/33 MP: 8/8
  4452 | D:4      | Reached XP level 6. HP: 29/38 MP: 5/9
  4817 | D:4      | Noticed a phantom
  5415 | D:4      | Reached skill level 5 in Unarmed Combat
  5415 | D:4      | Reached XP level 7. HP: 43/43 MP: 7/10
  5447 | D:4      | Learned a level 4 spell: Ice Form
  6149 | D:5      | Entered Level 5 of the Dungeon
  6256 | D:5      | Reached skill level 1 in Ice Magic
  6471 | D:5      | Found a snail-covered altar of Cheibriados.
  6482 | D:5      | Reached XP level 8. HP: 50/50 MP: 12/12
  6559 | D:5      | Found a glowing golden altar of the Shining One.
  7010 | D:5      | Found a white marble altar of Elyvilon.
  7020 | D:5      | Reached skill level 6 in Unarmed Combat
  7340 | D:5      | Found an opulent altar of Gozag.
  7643 | D:6      | Reached skill level 5 in Stealth
  8130 | D:6      | Found a bloodstained altar of Trog.
  8327 | D:6      | Found a burning altar of Makhleb.
  8399 | D:6      | HP: 1/51 [ice beast (8)]
  8409 | D:6      | HP: 1/51 [ice beast (2)]
  8409 | D:6      | Mangled by an ice beast

Skill      XL: |  1  2  3  4  5  6  7  8 |
---------------+-------------------------+-----
Stealth        | 1 2 3 4 5 |  5.1
Unarmed Combat | 4 5 6 |  6.4
Poison Magic   | 1 2 3 |  3.0
Transmutations | 3 4 |  4.5
Dodging        | 3 4 |  4.3
Ice Magic      | 1 2 |  2.4
Fighting       | 2 |  2.6
Spellcasting   | 3 |  3.2

Action                   |  1- 3 |  4- 6 |  7- 9 || total
-------------------------+-------+-------+-------++-------
Melee: Unarmed           |    83 |   119 |   156 ||   358
       Constrict         |    26 |    11 |     6 ||    43
       Tentacles         |    13 |     6 |     4 ||    23
       Kick              |     6 |     2 |     4 ||    12
       Punch             |     4 |     2 |     1 ||     7
 Cast: Beastly Appendage |    11 |     2 |     1 ||    14
       Sticks to Snakes  |     2 |     1 |       ||     3
       Spider Form       |       |    12 |    20 ||    32
  Use: Scroll            |       |    11 |     3 ||    14
 Stab: Sleeping          |     1 |       |     2 ||     3
  Eat: Chunk             |     6 |     9 |     7 ||    22
       Ration            |       |       |     1 ||     1
Armor: Skin              |     3 |     3 |     6 ||    12
Dodge: Dodged            |    38 |    65 |    94 ||   197
